Map: Ultralove

Players

HeroMarine

  • Race: Terran Terran
  • Spawn Location: 7:00

Serral - Winner!

  • Race: Zerg Zerg
  • Spawn Location: 1:00

Event: Esports World Cup 2025

VOD

Have the link to the VOD?

Description

Time

  • Played on: July 22, 2025, 11:25 a.m.
  • Length: 10:15

All games in this series

Show
View Real Time Build Order
Export as new Build Order

HeroMarine Terran 

Build Orders: Hellion Opening, Reaper Expand, Mech 

Get SALT Encoding   

  12  0:00  SCV  
  13  0:12  SCV  
  14  0:16  Supply Depot  
  14  0:24  SCV  
  15  0:38  Barracks, SCV  
  15  0:42  Refinery  
  16  0:50  SCV  
  17  1:02  SCV  
  18  1:14  SCV  
  19  1:26  Orbital Command, Reaper  
  20  1:38  Command Center  
  20  1:45  Supply Depot  
  20  1:52  SCV  
  21  1:58  Marine  
  22  2:04  SCV  
  23  2:08  Factory  
  23  2:16  Refinery, SCV  
  23  2:20  Barracks Reactor  
  24  2:28  SCV  
  25  2:40  SCV  
  26  2:50  Orbital Command  
  26  2:52  SCV  
  26  2:54  Starport  
  27  3:01  Hellion x2  
  27  3:04  SCV  
  32  3:07  Barracks Tech Lab  
  32  3:16  SCV  
  32  3:17  SCV  
  34  3:22  Hellion x2  
  38  3:27  Marauder, Supply Depot  
  38  3:30  Viking  
  38  3:31  Concussive Shells  
  38  3:32  SCV  
  38  3:33  SCV  
  44  3:44  Hellion  
  46  3:49  Marauder  
  46  3:53  Supply Depot x2  
  46  3:55  Hellion  
  50  4:00  Medivac  
  50  4:02  Armory  
  54  4:12  Marauder  
  54  4:14  SCV x2  
  54  4:16  Hellion x2  
  59  4:26  Supply Depot, SCV x2  
  61  4:33  Marauder  
  61  4:37  Hellion  
  61  4:38  Hellion  
  67  4:40  Medivac  
  67  4:43  SCV  
  70  4:47  SCV  
  70  4:50  Supply Depot  
  71  4:55  SCV  
  73  5:00  Hellion x2, SCV  
  73  5:02  Marauder  
  73  5:08  SCV  
  73  5:12  SCV  
  65  5:20  SCV  
  59  5:21  Starport Reactor  
  59  5:22  Hellion x2  
  59  5:24  SCV  
  59  5:26  Command Center  
  64  5:29  Starport Tech Lab  
  64  5:32  Factory, SCV  
  64  5:34  Factory  
  65  5:39  SCV  
  66  5:44  Hellion x2, SCV  
  71  5:51  SCV  
  71  5:52  Refinery  
  71  5:53  Refinery  
  71  5:54  Supply Depot  
  71  5:56  SCV  
  73  5:57  Factory x2  
  73  6:03  SCV  
  74  6:06  Hellion x2  
  78  6:12  SCV  
  78  6:15  SCV  
  78  6:18  Hellion, Factory Tech Lab  
  80  6:21  Cyclone  
  80  6:24  SCV  
  84  6:26  Mag-Field Accelerator  
  84  6:27  SCV  
  85  6:32  Refinery  
  85  6:35  Refinery  
  85  6:36  SCV  
  85  6:37  Hellion  
  85  6:39  Hellion, SCV  
  94  6:46  Supply Depot  
  94  6:48  Factory Reactor  
  94  6:49  SCV, Factory Tech Lab  
  94  6:51  SCV  
  94  7:01  SCV  
  90  7:03  SCV, Siege Tank x2  
  90  7:04  Hellion x2  
  90  7:07  Orbital Command  
  89  7:13  Supply Depot, SCV  
  89  7:14  Siege Tank  
  93  7:20  SCV  
  94  7:25  SCV  
  94  7:26  Hellion x2  
  99  7:32  SCV, Infernal Pre-Igniter  
  99  7:35  Terran Vehicle Weapons Level 1, Siege Tank x2  
  99  7:36  SCV  
  107  7:37  SCV  
  107  7:41  Hellion x2  
  112  7:44  Engineering Bay, SCV  
  112  7:48  SCV, Siege Tank  
  112  7:49  SCV  
  118  7:56  SCV  
  119  8:00  SCV  
  119  8:01  Hellbat x2, SCV  
  123  8:06  Hellbat  
  123  8:11  Siege Tank  
  124  8:13  SCV  
  124  8:14  SCV  
  124  8:15  SCV  
  124  8:16  Siege Tank  
  115  8:20  Siege Tank  
  115  8:22  Hellion x2  
  118  8:27  Command Center  
  118  8:31  Sensor Tower  
  118  8:32  Hellion x2  
  122  8:38  Supply Depot  
  122  8:39  Supply Depot  
  122  8:43  Cyclone  
  125  8:48  Supply Depot  
  125  8:49  Cyclone, Supply Depot  
  131  8:56  Hellbat  
  131  8:57  Factory  
  131  8:58  Cyclone  
  131  9:00  Medivac  
  135  9:10  Hellbat  
  135  9:11  Hellbat x2  
  135  9:15  Cyclone  
  141  9:17  SCV x2  
  141  9:18  Hellbat, SCV  
  141  9:21  Hellbat  
  135  9:24  Missile Turret  
  135  9:29  SCV x2  
  135  9:30  SCV  
  135  9:31  Siege Tank  
  135  9:38  Missile Turret  
  135  9:41  SCV x2  
  135  9:42  Cyclone, SCV  
  132  9:51  Factory Tech Lab  
  113  9:53  SCV x2  
  113  9:54  SCV  
Show
View Real Time Build Order
Export as new Build Order

Serral Zerg - Winner!

Build Orders: Hatch First 

Get SALT Encoding   

  12  0:00  Drone  
  13  0:08  Drone  
  14  0:14  Extractor  
  14  0:15  Drone  
  15  0:22  Overlord  
  15  0:40  Drone  
  16  0:45  Hatchery  
  16  0:48  Drone  
  16  0:52  Drone  
  16  0:56  Drone  
  18  1:06  Extractor  
  17  1:11  Spawning Pool  
  17  1:14  Drone  
  17  1:17  Drone  
  18  1:26  Drone  
  19  1:37  Drone  
  20  1:48  Drone  
  21  1:58  Queen x2  
  21  1:59  Zergling x4  
  27  2:09  Overlord  
  27  2:10  Drone  
  28  2:23  Spore Crawler  
  28  2:26  Hatchery  
  28  2:27  Drone  
  28  2:29  Drone  
  29  2:30  Drone  
  29  2:34  Drone  
  31  2:41  Queen  
  33  2:46  Overlord  
  33  2:49  Drone  
  33  2:51  Drone  
  35  2:53  Drone  
  36  3:02  Overlord  
  36  3:06  Drone  
  36  3:07  Drone x3  
  36  3:09  Drone x2  
  36  3:11  Drone  
  43  3:15  Drone  
  43  3:19  Roach Warren  
  43  3:25  Queen  
  45  3:30  Queen  
  45  3:33  Drone  
  48  3:35  Drone  
  48  3:39  Overlord  
  49  3:41  Drone  
  49  3:42  Drone  
  49  3:46  Drone  
  52  3:52  Evolution Chamber  
  52  3:55  Overlord  
  51  3:56  Drone  
  51  3:58  Roach x3  
  51  4:02  Drone  
  59  4:03  Drone  
  59  4:09  Roach x2  
  64  4:10  Overlord  
  64  4:11  Drone  
  64  4:14  Drone x2  
  67  4:21  Overlord  
  67  4:22  Drone x3  
  70  4:26  Overlord  
  70  4:29  Queen  
  72  4:33  Drone  
  73  4:39  Overlord  
  73  4:40  Overlord  
  73  4:41  Roach x2  
  77  4:46  Roach  
  77  4:47  Lair  
  77  4:49  Drone x2  
  77  4:51  Drone, Spore Crawler  
  77  4:52  Drone  
  82  4:54  Roach  
  82  4:59  Zergling x2, Roach  
  85  5:02  Zergling x2  
  85  5:04  Queen  
  83  5:08  Zergling x4, Roach  
  83  5:09  Drone  
  83  5:11  Drone  
  77  5:14  Drone x2  
  77  5:17  Drone x2  
  77  5:19  Drone x2  
  78  5:23  Extractor  
  78  5:24  Drone, Extractor  
  78  5:25  Drone  
  78  5:27  Drone  
  79  5:30  Drone x2  
  79  5:31  Drone  
  82  5:38  Drone  
  82  5:41  Drone  
  82  5:42  Drone  
  84  5:48  Drone  
  85  5:50  Drone, Extractor x2  
  85  5:55  Overseer  
  85  5:56  Drone x3  
  87  5:59  Drone  
  87  6:01  Drone  
  87  6:02  Hatchery, Zerg Ground Armor Level 1  
  87  6:12  Overlord, Glial Reconstitution  
  87  6:13  Drone x2  
  87  6:14  Overlord  
  89  6:19  Drone x4  
  89  6:20  Drone x2, Extractor  
  89  6:23  Overlord  
  94  6:26  Roach x4  
  94  6:32  Overlord  
  102  6:33  Infestation Pit  
  102  6:36  Roach x2  
  105  6:46  Roach  
  105  6:47  Roach x4  
  113  6:50  Ravager  
  114  6:54  Drone  
  114  6:55  Drone x3  
  114  6:58  Ravager x2  
  114  7:00  Drone x5  
  124  7:04  Drone  
  124  7:06  Burrow  
  125  7:12  Metabolic Boost  
  125  7:16  Zergling x4, Extractor, Roach x2  
  125  7:19  Drone x3  
  133  7:23  Overlord x3  
  133  7:25  Overlord  
  133  7:28  Overseer  
  133  7:30  Tunneling Claws  
  133  7:32  Roach  
  135  7:43  Roach x6  
  147  7:49  Roach x7  
  161  7:55  Evolution Chamber  
  161  7:57  Zerg Missile Weapons Level 1  
  160  7:59  Zergling x16  
  160  8:04  Overlord  
  168  8:05  Overlord  
  156  8:15  Roach x3  
  156  8:18  Roach x6  
  148  8:23  Drone  
  148  8:24  Drone x3, Extractor  
  149  8:27  Roach x4  
  155  8:34  Ravager  
  155  8:35  Roach x2  
  155  8:41  Hive  
  160  8:42  Drone x2, Spire  
  160  8:44  Roach  
  163  8:49  Zergling x10  
  163  8:54  Roach x12  
  168  8:56  Zergling x14  
  175  9:02  Baneling Nest  
  175  9:05  Hatchery, Roach  
  172  9:11  Drone x2  
  172  9:12  Drone x3  
  175  9:17  Roach x4  
  175  9:18  Zergling x16  
  175  9:20  Roach x5  
  183  9:30  Roach x2  
  183  9:37  Roach  
  179  9:39  Overlord x2  
  179  9:40  Zergling x6, Roach x3  
  179  9:41  Zergling x4, Roach  
  170  9:47  Roach x7  
  173  9:53  Zergling x12  
Tags
 
Add a new tag
Caveats
  • Supply blocks, unpowered buildings, or Contaminate may cause inaccurate times.
  • Supply counts are checked every 10 seconds.